 Dungeon Crawl Stone Soup version 0.27.1 (webtiles) character file.

Game seed: 4892354157367354107

133 DemonSlayer the Chopper (level 5, 0/41 HPs)
             Began as a Human Berserker on Aug 31, 2021.
             Was a Believer of Trog.
             Slain by an orc (1 damage)
             ... on level 3 of the Dungeon.
             The game lasted 00:08:58 (4534 turns).

DemonSlayer the Chopper (Human Berserker)           Turns: 4534, Time: 00:08:59

Health: 0/41       AC: 12    Str: 18    XL:     5   Next: 39%
Magic:  5/5        EV:  6    Int:  8    God:    Trog [**....]
Gold:   78         SH:  0    Dex: 12    Spells: 4/4 levels left

rFire    . . .     SeeInvis .   a - +0 hand axe
rCold    . . .     Faith    .   (no shield)
rNeg     . . .     Spirit   .   i - +0 plate armour
rPois    .         Reflect  .   (no helmet)
rElec    .         Harm     .   (no cloak)
rCorr    .         Rampage  .   (no gloves)
Will     +....                  j - +0 pair of boots
Stlth    ..........             (no amulet)
HPRegen  0.13/turn              l - ring of willpower
MPRegen  0.09/turn              (no ring)

@: no status effects
A: no striking features
a: Renounce Religion, Berserk, Trog's Hand


You were on level 3 of the Dungeon.
You worshipped Trog.
Trog was pleased with you.
You visited 1 branch of the dungeon, and saw 3 of its levels.

You collected 78 gold pieces.

Inventory:

Hand Weapons
 a - a +0 hand axe (weapon)
Missiles
 e - 8 poisoned darts (quivered)
Armour
 i - a +0 plate armour (worn)
 j - a +0 pair of boots (worn)
Jewellery
 l - a ring of willpower (left hand)
Scrolls
 c - 2 scrolls of summoning {unknown}
 d - 2 scrolls of identify {unknown}
 f - a scroll of vulnerability {unknown}
Potions
 b - a potion of heal wounds {unknown}
 g - 2 potions of berserk rage {unknown}
 h - a potion of curing {unknown}
 k - 2 potions of attraction {unknown}


   Skills:
 + Level 3.5 Fighting
 + Level 3.9 Axes
 + Level 2.3 Throwing
 + Level 2.6 Armour
 + Level 2.4 Dodging


You had 4 spell levels left.
You didn't know any spells.
Your spell library was empty.

Dungeon Overview and Level Annotations

Branches:
Dungeon (3/15)

Altars:
Zin


Message History

The orc hits you but does no damage. The orc hits you with a +0 hand axe.
You hit the orc priest.
The orc priest is heavily wounded.
You hit the orc. x2
You kill the orc!
Trog accepts your kill. The orc priest barely misses you.
The orc hits you with a +0 hand axe.
You hit the orc priest.
The orc priest is almost dead.
You hit the orc but do no damage.
The orc priest looks satisfied for a moment.
The orc hits you with a +0 hand axe.
An orc wizard comes into view. It is wielding a +0 dagger.
You closely miss the orc priest.
The orc priest is almost dead.
You completely miss the orc.
The orc wizard shouts!
The orc priest calls down the wrath of Beogh upon you.
Beogh smites you!
* * * LOW HITPOINT WARNING * * *
The orc wizard mumbles some strange words.
The orc wizard flickers and vanishes!
Deactivating autopickup; reactivate with Ctrl-A.
The orc hits you but does no damage.
You hit the orc priest but do no damage.
The orc priest is almost dead.
You hit the orc.
You kill the orc!
Trog accepts your kill.
You hit the orc.
The orc is moderately wounded.
The orc priest hits you but does no damage.
The orc hits you with a +0 flail.
* * * LOW HITPOINT WARNING * * *
You barely miss the orc.
The orc is moderately wounded.
You barely miss the orc priest.
The orc priest calls upon Beogh to heal the orc.
The orc's wounds heal themselves!
The orc hits you with a +0 flail.
You die...

### ..# ######. #.#
####o...... #.#
#########..@o.(..(.
##.###.........##)...((.
.......######### .......
##.##### ....... #.#
....... #.# ....... #.#
######. #.# ###### #.#
#######⌠...#


You could see an orc priest and an orc.

Vanquished Creatures
  Terence (D:2)
  5 adders
  A worm (D:2)
  2 dart slugs
  3 orcs (D:3)
  5 ball pythons
  4 bats
  4 endoplasms
  A giant cockroach (D:3)
  6 goblins
  7 hobgoblins
  3 quokkas
  4 frilled lizards
  3 kobolds
  5 rats
54 creatures vanquished.

Notes
Turn   | Place    | Note
-------+----------+-------------------------------------------
     0 | D:1      | DemonSlayer the Human Berserker began the quest for the
                  | Orb.
     0 | D:1      | Reached XP level 1. HP: 18/18 MP: 1/1
   715 | D:1      | Reached XP level 2. HP: 24/24 MP: 2/2
   923 | D:1      | Found a faded altar of an unknown god.
  1434 | D:1      | Reached XP level 3. HP: 29/29 MP: 3/3
  1553 | D:2      | Reached ** piety under Trog
  2162 | D:2      | Noticed Terence
  2170 | D:2      | Killed Terence
  2171 | D:2      | Reached skill level 1 in Throwing
  2171 | D:2      | Reached XP level 4. HP: 35/35 MP: 4/4
  3634 | D:3      | Reached XP level 5. HP: 40/41 MP: 5/5
  4325 | D:3      | Found a glowing silver altar of Zin.
  4533 | D:3      | HP: 1/41 [orc (4)]
  4534 | D:3      | Slain by an orc

Illustrated notes

Levels and vault maps discovered:
D:1:      nagdon_arrival_zigzag_paths, layout_loops_ring,
          shapermc_ecumenical_altar_totnotflames
D:2:      layout_basic, uniq_terence
D:3:      layout_loops_ring, mainiacjoe_overflow_alcove_2

Skill      XL: |  1  2  3  4 |
---------------+-------------+-----
Throwing       | 1 2 |  2.3
Fighting       | |  3.5
Axes           | |  3.9
Armour         | |  2.6
Dodging        | |  2.4

Action                   |  1- 3 |  4- 6 || total
-------------------------+-------+-------++-------
Melee: Hand axe          |    41 |    73 ||   114
Throw: Dart              |    45 |    44 ||    89
Invok: Berserk           |     1 |     3 ||     4
Armor: Animal skin       |     4 |       ||     4
       Ring mail         |     8 |       ||     8
       Plate armour      |    20 |    62 ||    82
Dodge: Dodged            |    15 |    19 ||    34
